 Dungeon Crawl Stone Soup version 0.30-b1-2-g02819fbbbe (webtiles) character file.

Game seed: 9570546329364245052

49 Flugkiller the Trooper (level 3, 0/33 HPs)
             Began as a Minotaur Fighter on May 17, 2023.
             Slain by a gnoll
             ... wielding a +0 club
              (6 damage)
             ... on level 2 of the Dungeon.
             The game lasted 00:00:43 (1509 turns).

Flugkiller the Trooper (Minotaur Fighter)           Turns: 1509, Time: 00:00:44

Health: 0/33       AC:  7    Str: 22    XL:     3   Next: 53%
Magic:  2/2        EV:  9    Int:  5    God:
Gold:   71         SH:  4    Dex:  9    Spells: 2/2 levels left

rFire   . . .        a - +0 war axe
rCold   . . .        c - +0 buckler
rNeg    . . .        b - +0 scale mail
rPois   .            (helmet restricted)
rElec   .            (no cloak)
rCorr   .            (no gloves)
SInv    +            (no boots)
Will    .....        (no amulet) Stlth
                     i - ring of see invisible
HPRegen 0.25/turn    (no ring)
MPRegen 0.08/turn

%: no passive effects
@: mighty, flying
A: horns 2, retaliatory headbutt
a: no special abilities


You were on level 2 of the Dungeon.
You visited 1 branch of the dungeon, and saw 2 of its levels.

You collected 71 gold pieces.

Inventory:

Hand Weapons
 a - a +0 war axe (weapon)
Armour
 b - a +0 scale mail (worn)
 c - a +0 buckler (worn)
 h - a +0 hat
   (You found it on level 1 of the Dungeon)
Jewellery
 i - a ring of see invisible (left hand)
   (You found it on level 2 of the Dungeon)
Scrolls
 f - 2 scrolls of noise {unknown}
 g - 3 scrolls of identify {unknown}
 k - a scroll of immolation {unknown}
 l - a scroll of vulnerability {unknown}
Potions
 e - a potion of flight
 j - a potion of brilliance {unknown}
 m - a potion of mutation {unknown}


   Skills:
 * Level 4.2 Fighting
 * Level 3.4 Axes
 * Level 4.2 Armour
 + Level 3.9 Shields


You had 2 spell levels left.
You didn't know any spells.
Your spell library was empty.

Dungeon Overview and Level Annotations

Branches:
Dungeon (2/15) Zot: 10460

Altars:


Innate Abilities, Weirdness & Mutations

You have a pair of horns on your head.
You reflexively headbutt those who attack you in melee.


Message History

No target in view!
Found a metallic orange potion.
Found a scroll labelled LIPRUSM XUENON.
Found a stone staircase leading down.
i - a ring of see invisible;
l - a scroll labelled SEREAST CEREHE
i - a ring of see invisible (left hand) Unknown command.
m - a metallic orange potion
g - 3 scrolls labelled LIPRUSM XUENON (gained 1)
A ball python comes into view.
The ball python hisses angrily.
A ball python is nearby!
A ball python is nearby!
A gnoll comes into view. It is wielding a +0 spear.
A gnoll comes into view. It is wielding a +0 spear.
The gnoll shouts! x2
The gnoll moves out of view.
You hit the ball python. Your headbutt misses the ball python.
The ball python is severely wounded.
A gnoll comes into view. It is wielding a +0 club.
The ball python barely misses you. You block the ball python's attack.
A gnoll comes into view. It is wielding a +0 club.
The ball python barely misses you. The ball python grabs you.
The ball python constricts you.
You closely miss the ball python.
The ball python is severely wounded.
The gnoll shouts!
The ball python bites you but does no damage.
The ball python constricts you.
A dart slug comes into view.
You closely miss the ball python.
The ball python is severely wounded.
The ball python bites you. The ball python constricts you.
You block the gnoll's attack. The ball python bites you.
The ball python constricts you.
The gnoll hits you from afar with a +0 spear.
The gnoll completely misses you.
You barely miss the ball python.
You headbutt the ball python, but do no damage.
The ball python is severely wounded.
The ball python bites you but does no damage.
The ball python constricts you. The gnoll hits you but does no damage.
You block the gnoll's attack.
The ball python bites you but does no damage.
The ball python constricts you.
You slash the ball python!
You kill the ball python!
The gnoll hits you but does no damage. The gnoll barely misses you.
Found a silvery potion.
The gnoll hits you with a +0 spear.
You are too injured to fight recklessly!
You are too injured to fight recklessly!
You are too injured to fight recklessly!
You are too injured to fight recklessly!
You are too injured to fight recklessly!
You are too injured to fight recklessly!
You are too injured to fight recklessly!
You are too injured to fight recklessly!
You are too injured to fight recklessly!
The gnoll closely misses you. The gnoll closely misses you.
It was a potion of flight.
You feel very buoyant.
You fly up into the air.
You feel very mighty all of a sudden.
You barely miss the gnoll. The gnoll hits you with a +0 club.
The gnoll closely misses you. The gnoll hits you with a +0 club.
You block the gnoll's attack.
You are too injured to fight recklessly!
You are too injured to fight recklessly!
You are too injured to fight recklessly!
You are too injured to fight recklessly!
You slash the gnoll! You headbutt the gnoll.
You kill the gnoll!
The dart slug launches a dart at you. The slug dart misses you.
The dart slug launches a dart at you.
The slug dart hits you but does no damage.
You see here a +0 club.
You block the gnoll's attack. The gnoll hits you but does no damage.
You slash the dart slug!
You kill the dart slug!
The gnoll hits you from afar with a +0 spear.
You block the gnoll's attack.
The gnoll hits you from afar with a +0 spear.
The gnoll hits you with a +0 club.
* * * LOW HITPOINT WARNING * * *
The gnoll hits you from afar with a +0 spear.
* * * LOW HITPOINT WARNING * * *
You see here a +0 club.
You closely miss the gnoll. Your headbutt misses the gnoll.
You block the gnoll's attack. The gnoll barely misses you.
You barely miss the gnoll.
The gnoll hits you from afar with a +0 spear.
* * * LOW HITPOINT WARNING * * *
You block the gnoll's attack.
You barely miss the gnoll. The gnoll closely misses you.
You block the gnoll's attack.
You slash the gnoll!
The gnoll is almost dead.
The gnoll hits you with a +0 club.
You die...

#.....# #w.# #g.# #..#
#..## #...##### ###
##....g.# #.. ##.###g#
#.# #.# #@# #.# #.#
#.# #.# #.# #.# #.#
#.# #.# #.# #.# #.#
#.# #.###.## #.# #..
#.##.#.#####.#######.#
#.###..........>....
##.#.#####.#######.#


You could see 2 gnolls.

Vanquished Creatures
  A gnoll (D:2)
  4 dart slugs
  4 bats
  An endoplasm (D:2)
  2 giant cockroaches
  2 goblins (D:1)
  A hobgoblin (D:1)
  A quokka (D:1)
  6 ball pythons
  3 frilled lizards
  4 kobolds (D:1)
  4 rats
33 creatures vanquished.

Notes
Turn   | Place    | Note
-------+----------+-------------------------------------------
     0 | D:1      | Flugkiller the Minotaur Fighter began the quest for the
                  | Orb.
     0 | D:1      | Reached XP level 1. HP: 19/19 MP: 0/0
   388 | D:1      | Reached XP level 2. HP: 27/27 MP: 1/1
  1361 | D:2      | Reached XP level 3. HP: 30/33 MP: 2/2
  1509 | D:2      | Slain by a gnoll

Illustrated notes

Levels and vault maps discovered:
D:1:      wander_arrival_peaceful_grave, layout_basic, kennysheep_minor_cross,
          dk_noncrumbling_2
D:2:      layout_loops_ring, chequers_serial_rivers_small_3

Skill      XL: |  1  2 |
---------------+-------+-----
Fighting       | 4 |  4.2
Axes           | 3 |  3.4
Armour         | 4 |  4.2
Shields        | |  3.9

Action                     || total
---------------------------++-------
  Melee: War axe           ||    80
         Headbutt          ||     5
    Use: Potion            ||     2
 Armour: Scale mail        ||    43
  Dodge: Dodged            ||    47
  Block: Buckler           ||    28
